Map: Winter Madness LE

Players

Elazer - Winner!

  • Race: Zerg Zerg
  • League: Master
  • Spawn Location: 5:00

Krystianer

  • Race: Protoss Protoss
  • League: Grandmaster
  • Spawn Location: 11:00

VOD

Have the link to the VOD?

Description

Time

  • Played on: Jan. 31, 2026, 10:30 a.m.
  • Length: 13:22
Show
View Real Time Build Order
Export as new Build Order

Elazer Zerg - Winner!

Build Orders: Hatch First, Lurkers 

Get SALT Encoding   

  12  0:00  Drone  
  13  0:08  Drone  
  13  0:14  Extractor, Drone  
  15  0:21  Overlord  
  15  0:40  Drone  
  16  0:45  Hatchery  
  16  0:49  Drone  
  16  0:53  Drone  
  16  0:56  Drone  
  18  1:07  Extractor  
  18  1:10  Spawning Pool  
  16  1:14  Drone  
  16  1:18  Drone  
  18  1:28  Drone  
  19  1:37  Drone  
  20  1:48  Drone  
  21  1:57  Queen x2  
  21  1:58  Zergling x2  
  21  1:59  Overlord  
  26  2:09  Drone x2  
  26  2:11  Metabolic Boost  
  28  2:19  Drone  
  28  2:20  Drone  
  30  2:31  Drone  
  30  2:32  Queen  
  33  2:45  Hatchery  
  33  2:47  Overlord  
  32  2:51  Drone x3  
  32  2:56  Drone  
  36  3:05  Overlord  
  36  3:06  Drone x4  
  36  3:09  Drone  
  36  3:12  Drone x2  
  43  3:19  Overlord  
  43  3:26  Spore Crawler  
  42  3:28  Drone x2  
  42  3:30  Spore Crawler  
  42  3:33  Queen  
  45  3:36  Queen  
  47  3:42  Drone x3  
  47  3:47  Drone x3  
  53  3:53  Drone x3  
  53  3:55  Overlord  
  56  3:57  Drone  
  57  4:04  Drone  
  57  4:09  Drone x6  
  64  4:17  Drone x3  
  62  4:19  Drone x2  
  64  4:26  Extractor  
  64  4:28  Extractor  
  64  4:29  Overlord  
  64  4:30  Drone  
  63  4:35  Roach Warren, Hatchery  
  61  4:43  Drone x7  
  67  4:46  Lair  
  67  4:51  Drone x5  
  72  4:54  Drone x2  
  72  4:55  Drone  
  72  4:58  Overlord  
  75  5:04  Overlord  
  75  5:07  Extractor, Zergling x4  
  75  5:13  Zergling x2  
  74  5:14  Overlord  
  74  5:18  Drone x4  
  74  5:19  Spore Crawler  
  74  5:20  Drone x2  
  78  5:22  Overlord  
  78  5:23  Zergling x8  
  82  5:31  Drone  
  82  5:33  Zergling x2  
  84  5:36  Zergling x2  
  84  5:40  Overlord  
  84  5:42  Extractor  
  84  5:44  Extractor, Drone x2  
  84  5:46  Hydralisk Den, Overseer  
  83  5:51  Hydralisk Den  
  83  5:53  Infestation Pit  
  83  5:54  Drone  
  83  5:56  Drone x2  
  83  5:57  Zergling x14  
  83  6:02  Drone  
  83  6:03  Overlord, Evolution Chamber  
  90  6:09  Drone x4  
  93  6:13  Overlord  
  93  6:18  Muscular Augments  
  93  6:20  Drone x5  
  93  6:22  Spore Crawler  
  93  6:25  Drone x7  
  104  6:31  Hive  
  104  6:32  Overlord  
  104  6:34  Overlord  
  104  6:35  Lurker Den, Zerg Missile Weapons Level 1  
  104  6:37  Overlord  
  104  6:38  Drone  
  99  6:48  Extractor  
  99  6:49  Spore Crawler x2, Extractor  
  99  6:52  Hydralisk x8  
  113  7:01  Hydralisk x4  
  121  7:10  Hydralisk x4  
  121  7:14  Zergling x8  
  131  7:18  Overlord  
  131  7:20  Overlord x2  
  128  7:28  Zergling x8  
  129  7:33  Zergling x10  
  134  7:39  Zergling x12  
  134  7:42  Overlord x3  
  138  7:44  Grooved Spines  
  138  7:48  Seismic Spines  
  138  7:52  Lurker x3  
  138  7:53  Lurker x3  
  143  8:08  Drone x11  
  143  8:09  Lurker x4  
  143  8:10  Lurker  
  159  8:15  Nydus Network  
  159  8:17  Overlord  
  157  8:25  Hydralisk x4  
  163  8:39  Spore Crawler  
  163  8:40  Spine Crawler  
  163  8:41  Hydralisk x4  
  160  8:45  Adaptive Talons  
  160  8:47  Zerg Missile Weapons Level 2  
  163  8:55  Hydralisk x5  
  163  9:01  Hydralisk  
  163  9:02  Hydralisk x2  
  174  9:11  Spine Crawler  
  174  9:12  Nydus Canal  
  173  9:17  Hatchery, Hydralisk x4  
  179  9:24  Overlord  
  179  9:30  Hydralisk x3  
  179  9:41  Unknown  
  179  9:43  Nydus Canal  
  179  9:48  Spine Crawler  
  179  9:49  Evolution Chamber  
  179  9:50  Spine Crawler  
  179  9:51  Spine Crawler  
  158  10:08  Zergling x42  
  170  10:26  Hydralisk x5  
  178  10:36  Overlord x3  
  178  10:38  Hatchery  
  176  10:44  Queen  
  176  10:49  Spine Crawler  
  173  11:08  Hydralisk x11  
  173  11:11  Nydus Canal  
  179  11:16  Spire  
  172  11:25  Hydralisk x9  
  163  11:33  Hydralisk x3  
  155  11:44  Hydralisk x2  
  155  11:45  Hydralisk  
  146  11:54  Hydralisk x3  
  142  12:10  Hydralisk x4  
  138  12:19  Hydralisk x4  
Show
View Real Time Build Order
Export as new Build Order

Krystianer Protoss 

Build Orders: 1 Gate Expand, Oracle Opening, Zealot Archon 

Get SALT Encoding   

  12  0:00  Probe  
  13  0:12  Probe  
  14  0:17  Pylon  
  14  0:23  Probe  
  15  0:31  Probe  
  15  0:38  Gateway  
  15  0:40  Probe  
  16  0:47  Assimilator  
  17  0:51  Probe  
  18  1:03  Probe  
  19  1:15  Probe  
  20  1:23  Nexus  
  20  1:31  Cybernetics Core  
  20  1:34  Probe  
  20  1:39  Assimilator  
  21  1:46  Probe  
  22  1:50  Pylon  
  22  1:58  Adept, Probe  
  25  2:11  Probe  
  26  2:17  Stargate  
  26  2:23  Probe  
  26  2:28  Adept  
  29  2:31  Warp Gate, Probe x2  
  31  2:39  Probe x2  
  33  2:49  Probe x2  
  33  2:52  Oracle  
  35  3:01  Probe x2  
  40  3:07  Gateway  
  40  3:13  Probe x2  
  40  3:18  Pylon  
  42  3:25  Probe  
  42  3:26  Probe, Oracle  
  44  3:37  Probe  
  44  3:38  Probe  
  49  3:44  Nexus  
  49  3:47  Pylon  
  49  3:50  Probe  
  49  3:51  Probe  
  51  3:56  Assimilator  
  51  3:57  Assimilator  
  51  4:02  Probe  
  52  4:03  Probe  
  52  4:09  Twilight Council, Forge  
  53  4:14  Probe  
  53  4:15  Probe  
  55  4:26  Probe  
  55  4:27  Probe  
  55  4:29  Robotics Facility  
  57  4:32  Gateway x2  
  57  4:33  Pylon  
  57  4:38  Probe  
  58  4:40  Probe  
  58  4:43  Adept  
  58  4:44  Protoss Ground Weapons Level 1  
  61  4:49  Probe  
  61  4:52  Probe  
  62  4:53  Templar Archives  
  62  4:55  Probe  
  62  4:57  Probe  
  64  5:00  Probe  
  64  5:03  Probe  
  64  5:05  Probe  
  64  5:06  Blink  
  66  5:09  Probe  
  66  5:13  Probe  
  69  5:14  Adept x2  
  69  5:16  Probe, Immortal  
  74  5:24  Gateway  
  74  5:25  Gateway  
  75  5:28  Probe  
  75  5:29  Probe  
  75  5:31  Probe  
  75  5:35  Assimilator  
  78  5:39  Assimilator, Pylon  
  78  5:42  Sentry  
  80  5:43  Stalker  
  80  5:46  Stalker  
  80  5:49  Immortal  
  84  5:52  Shield Battery  
  84  5:53  Shield Battery  
  84  5:56  Probe  
  83  5:59  Pylon, Probe x2  
  83  6:02  Stalker  
  89  6:05  Pylon  
  89  6:08  Stalker  
  89  6:09  Probe  
  92  6:17  Stalker x2  
  96  6:20  Stalker x2  
  100  6:27  Pylon  
  100  6:31  High Templar x2  
  104  6:33  Pylon  
  104  6:34  Probe  
  105  6:42  Protoss Ground Weapons Level 2  
  105  6:46  Stalker x4  
  110  6:47  Archon, Charge  
  110  7:00  Gateway, Probe  
  111  7:01  Gateway  
  111  7:02  Gateway, Pylon  
  111  7:04  Pylon  
  111  7:10  Stalker x2  
  111  7:14  Zealot x3  
  121  7:21  Zealot  
  123  7:31  Probe  
  123  7:36  Gateway  
  124  7:38  Gateway  
  124  7:40  High Templar  
  124  7:41  High Templar x3  
  124  7:42  Zealot x2  
  136  7:46  Pylon, Archon  
  136  7:47  Pylon  
  136  7:54  Pylon  
  136  7:55  Nexus, Archon, Pylon  
  136  7:56  Gateway  
  136  7:57  High Templar x2  
  140  8:03  Archon  
  139  8:05  Zealot x3  
  139  8:10  Observer  
  145  8:13  Zealot x3  
  152  8:21  Warp Prism  
  152  8:26  Zealot x4  
  160  8:33  Probe  
  163  8:40  Zealot x2  
  164  8:41  Zealot x4  
  164  8:49  Zealot  
  164  8:50  Fleet Beacon  
  164  8:52  Stargate  
  166  8:57  Observer, Psionic Storm  
  167  9:04  Zealot x3  
  173  9:10  Zealot  
  173  9:14  Probe x2  
  173  9:15  Observer  
  178  9:18  Stargate  
  178  9:21  High Templar x2  
  178  9:22  Probe  
  183  9:26  Probe  
  183  9:30  Zealot x3  
  188  9:35  Zealot x2  
  188  9:37  High Templar  
  182  9:50  Mothership  
  184  10:00  Zealot x2  
  184  10:02  Carrier  
  136  10:28  High Templar x3  
  136  10:30  Zealot x4  
  136  10:31  Zealot x5  
  136  10:32  Probe  
  157  10:38  Carrier  
  157  10:43  Pylon  
  157  10:45  Pylon  
  163  10:55  Zealot  
  163  10:59  Nexus, Zealot  
  160  11:11  Zealot x9  
  155  11:12  Probe  
  110  11:38  Zealot x5  
  83  12:08  Archon  
Tags
 
Add a new tag
Caveats
  • Supply blocks, unpowered buildings, or Contaminate may cause inaccurate times.
  • Supply counts are checked every 10 seconds.